Map: Deathaura LE

Players

RyuKey

  • Race: Zerg Zerg
  • League: Diamond
  • Spawn Location: 11:00

VOD

Have the link to the VOD?

Description

Time

  • Played on: June 13, 2020, 1:29 p.m.
  • Length: 44:55
Show
View Real Time Build Order
Export as new Build Order

RyuKey Zerg 

Build Orders:  

Get SALT Encoding   

  12  0:06  Drone  
  13  0:22  Overlord  
  13  0:23  Drone  
  14  0:48  Drone x2  
  16  1:10  Hatchery  
  16  1:17  Drone  
  16  1:24  Drone  
  16  1:27  Drone  
  18  1:45  Extractor  
  18  1:49  Spawning Pool  
  16  1:51  Drone  
  17  2:03  Drone  
  18  2:27  Drone  
  18  2:28  Drone  
  20  2:40  Overlord  
  20  2:56  Drone  
  20  2:59  Queen  
  23  3:02  Queen  
  23  3:08  Drone x2  
  27  3:21  Drone  
  27  3:26  Zergling x2  
  29  3:35  Drone  
  30  3:53  Zergling x2  
  30  3:54  Drone x2  
  30  3:55  Drone  
  34  4:02  Queen  
  34  4:06  Metabolic Boost  
  36  4:18  Overlord  
  36  4:28  Overlord  
  36  4:43  Queen  
  38  4:51  Drone x3  
  38  4:52  Drone x2  
  38  4:56  Drone x2  
  38  4:57  Drone  
  38  4:59  Drone x3  
  49  5:26  Lair  
  49  5:36  Drone x2  
  49  5:38  Hatchery  
  50  5:57  Extractor  
  49  6:00  Extractor  
  48  6:11  Extractor  
  47  6:24  Drone x4  
  51  6:35  Drone  
  52  6:43  Overlord  
  52  6:44  Overlord x2  
  52  7:13  Hatchery  
  51  7:43  Queen  
  53  7:57  Drone  
  53  7:58  Drone x16  
  70  8:26  Drone  
  71  8:32  Drone x2  
  73  8:55  Drone x2  
  75  9:18  Extractor  
  74  9:23  Drone, Extractor  
  74  9:26  Drone x3  
  74  9:27  Drone x3  
  80  9:53  Queen  
  80  9:55  Drone x4  
  80  9:56  Drone x2  
  88  10:01  Overlord x5  
  86  10:13  Zergling x2  
  86  10:14  Zergling x2  
  83  10:31  Zergling x20  
  83  10:32  Zergling x6  
  94  11:05  Zergling x20  
  94  11:19  Zergling x2  
  69  11:20  Zergling x8  
  93  11:42  Zergling x10  
  93  11:43  Zergling x8  
  97  12:26  Zergling x24  
  109  12:31  Hatchery  
  108  13:07  Extractor  
  107  13:12  Extractor  
  107  13:13  Extractor  
  107  13:16  Drone x2  
  107  13:17  Drone x9  
  116  13:33  Baneling Nest  
  115  13:45  Evolution Chamber  
  115  13:46  Evolution Chamber  
  115  13:49  Hydralisk Den, Spire  
  111  13:56  Drone  
  111  13:57  Drone x10  
  122  14:28  Queen  
  124  15:14  Baneling x10  
  124  15:15  Baneling x13  
  124  15:16  Baneling x19  
  124  15:17  Baneling x4  
  124  15:20  Hatchery  
  124  15:21  Zerg Ground Armor Level 1, Zerg Melee Weapons Level 1  
  119  15:31  Zergling x2  
  119  15:32  Zergling x18  
  104  15:52  Zergling x22  
  104  15:53  Zergling x10  
  120  16:37  Hydralisk x4  
  126  16:45  Baneling x14  
  126  16:46  Baneling x14  
  125  16:50  Overlord x2  
  125  16:51  Overlord x8  
  122  17:03  Unknown  
  113  17:29  Queen  
  106  17:48  Overlord x5  
  104  17:53  Hydralisk  
  104  17:54  Hydralisk x21  
  104  17:55  Hydralisk x3  
  148  18:43  Unknown  
  146  19:14  Zerg Melee Weapons Level 2, Zerg Ground Armor Level 2  
  146  19:26  Lurker Den  
  137  20:11  Hydralisk x2  
  137  20:12  Hydralisk x21  
  137  20:13  Hydralisk x6  
  165  22:21  Hydralisk x9  
  165  22:24  Zerg Missile Weapons Level 1  
  183  22:30  Hydralisk x4  
  183  22:31  Hydralisk x2  
  195  23:10  Extractor  
  195  23:11  Extractor  
  193  23:25  Lurker x7  
  109  24:32  Hydralisk  
  109  24:33  Hydralisk x4  
  109  24:34  Hydralisk x3  
  125  25:18  Hydralisk x8  
  125  25:19  Hydralisk x8  
  125  25:33  Hydralisk x8  
  125  25:34  Hydralisk x8  
  125  25:35  Lurker x3  
  125  25:36  Lurker x5  
  133  25:45  Lurker x8  
  141  25:56  Lurker x3  
  141  25:57  Lurker x5  
  133  26:02  Lurker x7  
  133  26:03  Lurker  
  125  26:14  Zergling x28  
  125  26:15  Zergling x46  
  125  26:16  Zergling x10  
  135  27:04  Zergling x18  
  135  27:05  Zergling x14  
  151  27:50  Hatchery  
  151  27:55  Hatchery  
  149  28:02  Hatchery  
  148  28:10  Hatchery  
  147  28:22  Hatchery  
  147  28:27  Hatchery  
  145  28:44  Hatchery  
  144  29:02  Zergling x2  
  144  29:03  Zergling x38  
  144  29:04  Zergling x4  
  144  29:05  Zergling x4  
  167  30:07  Zergling x4  
  169  30:18  Zergling x22  
  169  30:19  Zergling x8  
  184  30:20  Zergling x8  
  184  30:21  Zergling x8  
  184  30:22  Zergling x4  
  184  30:23  Zergling x2  
  190  32:14  Zerg Missile Weapons Level 2  
  182  32:26  Zergling x8  
  182  32:27  Zergling x4  
  175  32:40  Hatchery  
  174  33:37  Extractor  
  173  33:45  Zergling x2  
  173  33:47  Zergling x2  
  175  33:52  Hatchery  
  175  33:53  Unknown  
  175  33:56  Unknown  
  172  35:25  Baneling x2  
  172  35:26  Baneling x20  
  172  35:27  Baneling x19  
  172  35:28  Baneling x16  
  172  35:29  Baneling x19  
  172  35:30  Baneling x17  
  172  35:31  Baneling x7  
  172  35:32  Baneling x15  
  172  35:33  Baneling x22  
  172  35:34  Baneling x21  
  172  35:35  Baneling x19  
  172  35:36  Baneling x16  
  172  35:37  Baneling x7  
  172  36:28  Centrifical Hooks  
  79  37:22  Zergling x2  
  79  37:23  Zergling x34  
  79  37:24  Zergling x42  
  79  37:25  Zergling x42  
  79  37:26  Zergling x38  
  148  37:43  Zergling x2  
  148  37:44  Zergling x34  
  148  37:45  Zergling x28  
  180  37:57  Zergling x10  
  183  39:18  Baneling  
  183  39:19  Baneling x21  
  171  39:20  Baneling x21  
  171  39:21  Baneling x21  
  171  39:22  Baneling x18  
  171  39:23  Baneling x20  
  171  39:24  Baneling x20  
  171  39:25  Baneling x20  
  171  39:26  Baneling x10  
  171  39:28  Baneling  
  40  41:16  Zergling x4  
  29  42:48  Drone x4  
Tags
 
League
Diamond
Matchup
Co-op
Add a new tag
Caveats
  • Supply blocks, unpowered buildings, or Contaminate may cause inaccurate times.
  • Supply counts are checked every 10 seconds.